 Dungeon Crawl Stone Soup version 0.29-a0-214-g17f627cfee (webtiles) character file.

Game seed: 13575348395746111657

88 Crownlay the Firebug (level 4, -4/32 HPs)
             Began as a Gnoll Fire Elementalist on Feb 24, 2022.
             Slain by a wyvern zombie (7 damage)
             ... on level 4 of the Dungeon.
             The game lasted 00:04:27 (2926 turns).

Crownlay the Firebug (Gnoll Fire Elementalist)      Turns: 2926, Time: 00:04:28

Health: -4/32      AC:  2    Str:  7    XL:     4   Next: 53%
Magic:  2/11       EV: 13    Int: 17    God:
Gold:   178        SH:  0    Dex: 12    Spells: 3/13 levels left

rFire   . . .      SeeInvis .   m - +2 whip (elec)
rCold   . . .      Faith    .   (no shield)
rNeg    . . .      Spirit   .   a - +0 robe
rPois   .          Reflect  .   (no helmet)
rElec   .          Harm     .   (no cloak)
rCorr   .          Rampage  .   (no gloves)
Will    .....                   (no boots)
Stlth   ++........              (no amulet)
HPRegen 0.10/turn               l - ring of wizardry
MPRegen 0.12/turn               (no ring)

@: no status effects
A: fangs 1, strong nose, distributed training
a: no special abilities


You were on level 4 of the Dungeon.
You visited 1 branch of the dungeon, and saw 4 of its levels.

You collected 178 gold pieces.

Inventory:

Hand Weapons
 m - a +2 whip of electrocution (weapon)
Armour
 a - a +0 robe (worn)
Magical Staves
 e - a staff of earth
Jewellery
 j - an amulet of guardian spirit
 l - a ring of wizardry (left hand)
Wands
 f - a wand of paralysis (11)
Scrolls
 d - a scroll of identify
 h - a scroll of blinking
 n - a scroll of summoning
Potions
 b - 2 potions of curing
 c - a potion of ambrosia {unknown}
 g - a potion of lignification {unknown}
 i - a potion of cancellation {unknown}


   Skills:
 + Level 1.2 Fighting
 + Level 1.2 Short Blades
 + Level 1.2 Long Blades
 + Level 1.2 Axes
 + Level 1.2 Maces & Flails
 + Level 1.2 Polearms
 + Level 1.2 Staves
 + Level 1.2 Slings
 + Level 1.2 Bows
 + Level 1.2 Crossbows
 + Level 1.2 Throwing
 + Level 1.2 Armour
 + Level 4.6 Dodging
 + Level 4.3 Stealth
 + Level 1.2 Shields
 + Level 1.2 Unarmed Combat
 + Level 5.1 Spellcasting
 + Level 2.2 Conjurations
 + Level 1.0 Hexes
 + Level 1.0 Summonings
 + Level 1.0 Necromancy
 + Level 1.0 Translocations
 + Level 1.0 Transmutations
 + Level 5.5 Fire Magic
 + Level 1.0 Ice Magic
 + Level 1.0 Air Magic
 + Level 1.0 Earth Magic
 + Level 1.0 Poison Magic
 + Level 1.3 Invocations
 + Level 1.2 Evocations


You had 3 spell levels left.
You knew the following spells:

 Your Spells              Type           Power      Damage    Failure   Level
a - Foxfire               Conj/Fire      68%        2x1d7     1%          1
b - Scorch                Fire           46%        2d7       1%          2
c - Inner Flame           Hex/Fire       15%        N/A       4%          3
d - Flame Wave            Conj/Fire      17%        2d6       12%         4

Your spell library contained the following spells:

 Spells                   Type           Power      Damage    Failure   Level
 Conjure Flame            Conj/Fire      17%        6-21      3%          3
 Animate Skeleton         Necr           14%        N/A       4%          1
 Apportation              Tloc           14%        N/A       4%          1
 Summon Small Mammal      Summ           28%        N/A       4%          1
 Ensorcelled Hibernation  Hex/Ice        14%        N/A       6%          2
 Summon Guardian Golem    Hex/Summ       7%         N/A       12%         3
 Fulminant Prism          Conj/Hex       4%         3d6       26%         4
 Leda's Liquefaction      Hex/Erth       3%         N/A       34%         4


Dungeon Overview and Level Annotations

Branches:
Dungeon (4/15)
 Temple: D:4-7

Altars:
Ashenzari
Trog


Innate Abilities, Weirdness & Mutations

You have very sharp teeth.
Your uncanny sense of smell can sniff out nearby items.
Your experience applies equally to all skills.


Message History

The wyvern zombie is heavily damaged.
The foxfire hits the wyvern zombie.
The wyvern zombie is heavily damaged.
The wyvern zombie bites you.
You conjure some foxfire!
The wyvern zombie bites you!
You are too injured to fight recklessly!
You are too injured to fight recklessly!
The foxfire hits the wyvern zombie.
The wyvern zombie is severely damaged.
The foxfire hits the wyvern zombie.
The wyvern zombie is severely damaged.
The wyvern zombie bites you.
The foxfire hits the wyvern zombie but does no damage.
The wyvern zombie is severely damaged.
The wyvern zombie bites you!
* * * LOW HITPOINT WARNING * * *
Casting: Foxfire (safe; 1% risk of failure)
Confirm with . or Enter, or press ? or * to list all spells.
Aiming: Inner Flame (dangerous; 4% risk of failure)
Press: ? - help, Dir - move target, f - wyvern zombie
Aim: a wyvern zombie (severely damaged, chance to affect: 79%)
Okay, then.
Casting: Inner Flame (dangerous; 4% risk of failure)
Confirm with . or Enter, or press ? or * to list all spells.
The spell is quite dangerous to miscast (12% risk of failure)!
Continue anyway?
Okay, then.
Casting: Flame Wave (quite dangerous; 12% risk of failure)
Confirm with . or Enter, or press ? or * to list all spells.
The spell is quite dangerous to miscast (12% risk of failure)!
Continue anyway?
Uppercase [Y]es or [N]o only, please.
The spell is quite dangerous to miscast (12% risk of failure)!
Continue anyway?
Casting: Flame Wave (quite dangerous; 12% risk of failure)
Press: ? - help, Dir - look around, f - activate You can't see that place.
A wave of flame ripples out!
The flame wave engulfs the wyvern zombie!
The wyvern zombie is almost destroyed. (Press . to intensify the flame waves.)
The wyvern zombie bites you!
You die...

### ..# ####.#
#..#.# #..#.#
#..#.#########
#....§@Z......
##.#.§.#######
#.....§# ####...###
###
#.....############..
#.#.................
#.#>....†...........
..###.#....#........
####
#.#....#........


You could see a wyvern zombie.

Vanquished Creatures
  A bullfrog zombie (D:3)
  An adder (D:2)
  A dart slug (D:2)
  5 bats
  7 endoplasms
  2 giant cockroaches (D:1)
  2 goblins
  7 hobgoblins
  2 jackals (D:1)
  2 quokkas
  4 ball pythons
  2 frilled lizards (D:1)
  A kobold (D:2)
  5 rats
42 creatures vanquished.

Vanquished Creatures (others)
  182 foxfires
  A plant (D:4)
183 creatures vanquished.

Grand Total: 225 creatures vanquished

Notes
Turn   | Place    | Note
-------+----------+-------------------------------------------
     0 | D:1      | Crownlay the Gnoll Fire Elementalist began the quest for
                  | the Orb.
     0 | D:1      | Reached XP level 1. HP: 13/13 MP: 6/6
    38 | D:1      | Found a faded altar of an unknown god.
   290 | D:1      | Reached XP level 2. HP: 19/19 MP: 5/7
   635 | D:1      | Learned a level 2 spell: Scorch
  1069 | D:2      | Reached skill level 5 in Spellcasting
  1069 | D:2      | Reached XP level 3. HP: 25/25 MP: 4/9
  1130 | D:2      | Learned a level 3 spell: Inner Flame
  1353 | D:2      | Reached skill level 1 in Invocations
  2435 | D:3      | Reached skill level 1 in Fighting
  2435 | D:3      | Reached skill level 1 in Short Blades
  2435 | D:3      | Reached skill level 1 in Long Blades
  2435 | D:3      | Reached skill level 1 in Axes
  2435 | D:3      | Reached skill level 1 in Maces & Flails
  2435 | D:3      | Reached skill level 1 in Polearms
  2435 | D:3      | Reached skill level 1 in Staves
  2435 | D:3      | Reached skill level 1 in Slings
  2435 | D:3      | Reached skill level 1 in Bows
  2435 | D:3      | Reached skill level 1 in Crossbows
  2435 | D:3      | Reached skill level 1 in Throwing
  2435 | D:3      | Reached skill level 1 in Armour
  2435 | D:3      | Reached skill level 1 in Shields
  2435 | D:3      | Reached skill level 1 in Unarmed Combat
  2435 | D:3      | Reached skill level 1 in Evocations
  2435 | D:3      | Reached XP level 4. HP: 32/32 MP: 4/11
  2440 | D:3      | Learned a level 4 spell: Flame Wave
  2633 | D:3      | Found a bloodstained altar of Trog.
  2837 | D:4      | Found a broken altar of Ashenzari.
  2851 | D:4      | Got the Almanac of Dusty Bewitchment
  2857 | D:4      | Reached skill level 1 in Hexes
  2857 | D:4      | Reached skill level 1 in Summonings
  2857 | D:4      | Reached skill level 1 in Necromancy
  2857 | D:4      | Reached skill level 1 in Translocations
  2857 | D:4      | Reached skill level 1 in Transmutations
  2857 | D:4      | Reached skill level 1 in Ice Magic
  2857 | D:4      | Reached skill level 1 in Air Magic
  2857 | D:4      | Reached skill level 1 in Earth Magic
  2857 | D:4      | Reached skill level 1 in Poison Magic
  2926 | D:4      | Slain by a wyvern zombie

Illustrated notes

Levels and vault maps discovered:
D:1:      psy_arrival_basics, layout_loops_ring,
          chequers_ecumenical_altar_island
D:2:      layout_basic
D:3:      layout_rooms, bloody_trog
D:4:      layout_basic, overflow_temple_1_default, makhleb_altar_promises_db,
          serial_bayou_crossing

Skill      XL: |  1  2  3  4 |
---------------+-------------+-----
Conjurations   | 2 |  2.2
Spellcasting   | 5 |  5.1
Invocations    | 1 |  1.3
Fighting       | 1 |  1.2
Short Blades   | 1 |  1.2
Long Blades    | 1 |  1.2
Axes           | 1 |  1.2
Maces & Flails | 1 |  1.2
Polearms       | 1 |  1.2
Staves         | 1 |  1.2
Slings         | 1 |  1.2
Bows           | 1 |  1.2
Crossbows      | 1 |  1.2
Throwing       | 1 |  1.2
Armour         | 1 |  1.2
Shields        | 1 |  1.2
Unarmed Combat | 1 |  1.2
Evocations     | 1 |  1.2
Hexes          | 1 |  1.0
Summonings     | 1 |  1.0
Necromancy     | 1 |  1.0
Translocations | 1 |  1.0
Transmutations | 1 |  1.0
Ice Magic      | 1 |  1.0
Air Magic      | 1 |  1.0
Earth Magic    | 1 |  1.0
Poison Magic   | 1 |  1.0
Dodging        | |  4.6
Stealth        | |  4.3
Fire Magic     | |  5.5

Action                   |  1- 3 |  4- 6 || total
-------------------------+-------+-------++-------
 Cast: Foxfire           |    88 |    21 ||   109
       Inner Flame       |     2 |       ||     2
       Flame Wave        |       |     1 ||     1
  Use: Scroll            |     1 |     5 ||     6
Armor: Robe              |     2 |       ||     2
Dodge: Dodged            |    11 |       ||    11

Table legend: (Time is in decaauts)
 A = Elapsed time spent in this place.
 B = Non-inter-level travel time spent in this place.
 C = Inter-level travel time spent in this place.
 D = Time resting spent in this place.
 E = Time spent auto-exploring this place.
 F = Levels seen in this place.
 G = Mean time per level.
                   A        B        C        D        E       F      G
               +--------+--------+--------+--------+--------+-----+--------+
         Total |   2926 |   2865 |     61 |      0 |   2548 |   4 |  731.5 |
       Dungeon |   2926 |   2865 |     61 |      0 |   2548 |   4 |  731.5 |
               +--------+--------+--------+--------+--------+-----+--------+

Top non-repeatable levels by time:
     D:2: 1155 daAuts
     D:1: 1004 daAuts
     D:3: 612 daAuts
     D:4: 155 daAuts
